Map: Ice and Chrome LE

Players

Solareon

  • Race: Terran Terran
  • League: Diamond
  • Spawn Location: 1:00

CoolDe - Winner!

  • Race: Zerg Zerg
  • Spawn Location: 7:00

VOD

Have the link to the VOD?

Description

Time

  • Played on: Sept. 26, 2020, 5:36 p.m.
  • Length: 5:00
Show
View Real Time Build Order
Export as new Build Order

Solareon Terran 

Build Orders:  

Get SALT Encoding   

  12  0:00  SCV  
  13  0:13  SCV  
  14  0:26  SCV  
  14  0:28  Supply Depot  
  15  0:45  Refinery  
  15  0:49  SCV  
  16  0:51  Barracks  
  16  0:59  Supply Depot  
  16  1:01  SCV  
  17  1:13  SCV  
  18  1:25  SCV  
  19  1:38  SCV  
  20  1:40  Reaper  
  20  1:43  Command Center  
  21  1:53  Refinery, SCV  
  22  2:05  SCV  
  23  2:09  Factory  
  23  2:20  Orbital Command  
  21  3:02  Barracks Reactor  
  21  3:08  Factory Tech Lab  
  21  3:33  Siege Tank  
  24  3:44  Marine  
  26  3:51  Marine  
  25  3:57  SCV  
  22  4:10  SCV  
  13  4:22  SCV  
  5  4:25  Marine  
  5  4:30  Widow Mine  
  8  4:34  SCV  
Show
View Real Time Build Order
Export as new Build Order

CoolDe Zerg - Winner!

Build Orders: Pool First, Ravager All-In 

Get SALT Encoding   

  12  0:01  Drone  
  13  0:08  Drone  
  14  0:16  Overlord  
  14  0:35  Drone x2  
  16  0:42  Spawning Pool  
  15  0:46  Drone  
  16  1:08  Hatchery  
  15  1:11  Drone  
  15  1:15  Drone  
  17  1:19  Extractor  
  17  1:21  Extractor  
  15  1:29  Zergling x4  
  19  1:51  Roach Warren  
  18  1:54  Drone  
  17  2:02  Drone  
  17  2:03  Drone  
  20  2:08  Drone  
  20  2:33  Roach x2, Queen  
  26  2:38  Overlord  
  24  2:45  Roach  
  25  3:10  Roach  
  25  3:11  Roach, Ravager x2  
  31  3:26  Roach  
  31  3:27  Drone  
  34  3:36  Ravager x2  
  34  3:38  Overlord  
  36  4:03  Roach  
  36  4:04  Roach  
  36  4:07  Spore Crawler  
  39  4:14  Ravager  
  31  4:27  Roach  
  31  4:28  Roach, Ravager x2  
Tags
 
Add a new tag
Caveats
  • Supply blocks, unpowered buildings, or Contaminate may cause inaccurate times.
  • Supply counts are checked every 10 seconds.